 Dungeon Crawl Stone Soup version 0.21.1-1-g345015fe64 (webtiles) character file.

9440 LevaFresel the Quickloader (level 11, -8/69 HPs)
             Began as a Kobold Hunter on June 6, 2018.
             Was a Believer of Okawaru.
             Killed from afar by Fannar (27 damage)
             ... with a bolt of cold
             ... on level 2 of the Lair of Beasts.
             The game lasted 01:51:43 (12039 turns).

LevaFresel the Quickloader (Kobold Hunter)         Turns: 12039, Time: 01:51:43

Health: -8/69      AC: 23    Str: 16    XL:     11   Next: 74%
Magic:  18/18      EV: 21    Int: 16    God:    Okawaru [**....]
Gold:   645        SH:  0    Dex: 20    Spells: 15/19 levels left

rFire    . . .     SeeInvis .   b - +2 short sword (protect)
rCold    . . .     Gourm    .   (shield restricted)
rNeg     . . .     Faith    .   P - +4 ring mail "Geackuk" {rElec rCorr Str+3 Int+4}
rPois    .         Spirit   .   F - +0 helmet
rElec    +         Reflect  .   S - +2 cloak
rCorr    +         Harm     .   A - +0 pair of gloves
MR       .....                  z - +0 pair of boots
Stlth    +.........             j - amulet of regeneration
HPRegen  0.61/turn              Q - +4 ring of dexterity
MPRegen  0.16/turn              (no ring)

@: protection aura
A: small, carnivore
a: Heroism, Renounce Religion


You were on level 2 of the Lair of Beasts.
You worshipped Okawaru.
Okawaru was pleased with you.
You were full.

You visited 3 branches of the dungeon, and saw 13 of its levels.

You collected 788 gold pieces.
You spent 143 gold pieces at shops.

Inventory:

Hand Weapons
 a - a +1 hand crossbow
 b - a +2 short sword of protection (weapon)
Missiles
 d - 17 bolts
Armour
 z - a +0 pair of boots (worn)
 A - a +0 pair of gloves (worn)
 F - a +0 helmet (worn)
 N - a +2 ring mail of poison resistance
 P - the +4 ring mail "Geackuk" (worn) {rElec rCorr Str+3 Int+4}
   (You found it on level 10 of the Dungeon)

   It affects your strength (+3).
   It affects your intelligence (+4).
   It insulates you from electricity.
   It protects you from acid and corrosion.
 S - a +2 cloak (worn)
Jewellery
 j - an amulet of regeneration (around neck)
 Q - a +4 ring of dexterity (left hand)
Wands
 f - a wand of random effects (17)
 r - a wand of polymorph (5)
 w - a wand of disintegration (17)
 x - a wand of paralysis (5)
 J - a wand of flame (12)
 L - a wand of enslavement (27)
Scrolls
 e - 3 scrolls of enchant weapon
 g - 2 scrolls of fear {unknown}
 h - a scroll of blinking {unknown}
 i - 7 scrolls of teleportation
 k - 2 scrolls of remove curse
 l - a scroll of random uselessness {unknown}
 o - a scroll of identify
 q - 2 scrolls of enchant armour {unknown}
 y - 3 scrolls of magic mapping {unknown}
 B - 4 scrolls of amnesia
 E - 3 scrolls of fog {unknown}
 K - a scroll of immolation {unknown}
Potions
 n - 2 potions of lignification {unknown}
 p - a potion of might
 t - 2 potions of flight {unknown}
 u - 2 potions of brilliance {unknown}
 v - a potion of magic {unknown}
 C - 2 potions of agility {unknown}
 D - 2 potions of mutation {unknown}
 G - 4 potions of cancellation
 I - a potion of heal wounds
 O - 2 potions of degeneration {unknown}
Books
 m - a book of Cantrips

   Spells                             Type                      Level
   a - Confusing Touch                Hexes                        1
   b - Animate Skeleton               Necromancy                   1
   c - Summon Small Mammal            Summoning                    1
   d - Apportation                    Translocation                1
 s - a book of Cantrips

   Spells                             Type                      Level
   a - Confusing Touch                Hexes                        1
   b - Animate Skeleton               Necromancy                   1
   c - Summon Small Mammal            Summoning                    1
   d - Apportation                    Translocation                1
 M - a book of Maledictions

   Spells                             Type                      Level
   a - Corona                         Hexes                        1
   b - Ensorcelled Hibernation        Hexes/Ice                    2
   c - Confuse                        Hexes                        3
   d - Tukima's Dance                 Hexes                        3
   e - Dazzling Spray                 Conjuration/Hexes            3
 R - a book of Air

   Spells                             Type                      Level
   a - Shock                          Conjuration/Air              1
   b - Swiftness                      Charms/Air                   2
   c - Static Discharge               Conjuration/Air              3
   d - Airstrike                      Air                          4
   e - Lightning Bolt                 Conjuration/Air              5
Comestibles
 H - 10 rations


   Skills:
 + Level 8.8 Fighting
 + Level 6.8 Short Blades
 - Level 10.0 Crossbows
 + Level 4.7 Armour
 + Level 9.6 Dodging
 - Level 1.3 Stealth
 + Level 4.8 Spellcasting
 - Level 5.0 Hexes
 + Level 1.3 Invocations
 - Level 5.2 Evocations


You had 15 spell levels left.
You knew the following spells:

 Your Spells              Type           Power        Failure   Level  Hunger
a - Corona                Hex            ###....      3%          1    None
b - Confuse               Hex            ###.....     11%         3    ###....


Dungeon Overview and Level Annotations

Branches:
Dungeon (10/15)            Temple (1/1) D:5            Lair (2/6) D:9
  Swamp: Lair:2-4    Shoals: Lair:2-4     Snake: Lair:2-4    Spider: Lair:2-4
    Orc: D:9-12

Altars:
Ashenzari
Cheibriados
Dithmenos
Elyvilon
Fedhas
Gozag
Hepliaklqana
Kikubaaqudgha
Makhleb
Nemelex Xobeh
Okawaru
Qazlal
Ru
Sif Muna
Trog
Uskayaw
Vehumet
Wu Jian
Xom
Yredelemnul
Zin
The Shining One

Shops:
D:6 (   D:7 }   D:9 :

Annotations:
D:6 5 runed doors
Lair:2 Fannar


Innate Abilities, Weirdness & Mutations

You are small and have problems with some larger weapons.
You are carnivorous and can eat meat at any time.


Message History

You feel much better. The ice beast barely misses you.
Aiming: Enslavement
Press: ? - help, Shift-Dir - straight line, f - ice beast
Aim: an ice beast (heavily wounded, summoned, chance to defeat MR: 62%)
The ice beast resists with significant effort.
The ice beast completely misses you.
Fannar gestures wildly while chanting.
Fannar drains the heat from the surrounding environment!
You feel very cold.
* * * LOW HITPOINT WARNING * * *
Fannar is frozen.
Fannar resists.
Fannar is lightly wounded.
Aiming: Throw Flame
Press: ? - help, Shift-Dir - straight line, f/p - ice beast
Aim: an ice beast (heavily wounded, summoned)
The puff of flame hits the ice beast.
The ice beast melts!
You kill the ice beast!
Fannar points at you and mumbles some strange words.
The bolt of cold hits you!
You die...

......#..P....
#...>........
#.####....###
#....†....#
##....#.##.#
#####..#....####
#.......#.....#
#...#...##...### #@#
##.##P.....##
#.####..##......#
##e#.##..##.._..#.#
##.Y...Y[..........#
#...###e.##PP.....#.
##..####..#.........
#<..#...#..#....##P
##..................
#.......e........#..


You could see Fannar and an ice beast.

Vanquished Creatures
  A two-headed ogre (D:8)
  2 spiny frogs (Lair:1)
  A komodo dragon (Lair:1)
  2 rime drakes
  A troll (D:9)
  A hippogriff (D:8)
  The ghost of strelocc the Gusty, an amateur OpAE (D:4)
  2 wyverns
  10 yaks (Lair:1)
  A human (D:8)
  A hungry ghost (D:7)
  5 water moccasins
  3 porcupines
  2 ice beasts
  2 sky beasts
  2 orc warriors
  4 ogres
  2 phantoms
  3 centaurs
  5 crocodiles
  Blork the orc (D:4)
  2 bullfrogs
  2 scorpions
  11 killer bees
  The ghost of yashaT the Digger, a weakling DDEE (D:3)
  8 wights
  2 crimson imps
  2 bullfrog zombies
  2 centaur zombies
  A jelly (D:7)
  Crazy Yiuf (D:3)
  A gnoll shaman (D:8)
  6 orc wizards
  4 orc priests
  Ijyb (D:3)
  2 iguanas
  8 worker ants
  Natasha (thrice) (D:3)
  A hound skeleton (D:6)
  12 adders
  7 gnolls
  A shadow imp (D:6)
  2 oozes
  An adder skeleton (D:4)
  2 worms
  3 dart slugs (D:3)
  4 leopard geckos
  27 orcs
  13 bats
  8 giant cockroaches
  11 goblins
  7 hobgoblins
  2 jackals (D:8)
  12 kobolds
  3 quokkas
  A ball python (D:3)
  7 frilled lizards
  A leopard gecko skeleton (D:5)
  8 rats
  A fungus (Lair:1)
243 creatures vanquished.

Notes
Turn   | Place    | Note
-------+----------+-------------------------------------------
     0 | D:1      | LevaFresel the Kobold Hunter began the quest for the Orb.
     0 | D:1      | Reached XP level 1. HP: 12/12 MP: 1/1
   132 | D:1      | Reached skill level 5 in Crossbows
   134 | D:1      | Reached XP level 2. HP: 18/18 MP: 2/2
   333 | D:1      | Reached XP level 3. HP: 22/22 MP: 3/3
   691 | D:2      | Reached XP level 4. HP: 13/27 MP: 4/4
  1104 | D:2      | Reached skill level 6 in Crossbows
  1388 | D:2      | Reached XP level 5. HP: 24/32 MP: 5/5
  1559 | D:3      | Found a radiant altar of Vehumet.
  1598 | D:3      | Noticed yashaT's ghost (weakling DDEE)
  1629 | D:3      | Killed yashaT's ghost
  1629 | D:3      | Reached XP level 6. HP: 33/38 MP: 6/6
  1796 | D:3      | Noticed Natasha
  1810 | D:3      | Killed Natasha
  1810 | D:3      | Reached skill level 7 in Crossbows
  2232 | D:3      | Found a runed door.
  2262 | D:3      | Noticed Crazy Yiuf
  2265 | D:3      | Killed Crazy Yiuf
  2296 | D:3      | Noticed Ijyb
  2305 | D:3      | Killed Ijyb
  2315 | D:3      | Reached XP level 7. HP: 43/43 MP: 7/7
  2416 | D:3      | Noticed Natasha
  2422 | D:3      | Killed Natasha
  2589 | D:5      | Entered Level 5 of the Dungeon
  2746 | D:5      | Found a deep blue altar of Sif Muna.
  2895 | D:4      | Noticed strelocc's ghost (amateur OpAE)
  2902 | D:4      | Killed strelocc's ghost
  2902 | D:4      | Reached skill level 8 in Crossbows
  2902 | D:4      | Reached skill level 5 in Dodging
  2902 | D:4      | Reached skill level 1 in Evocations
  2963 | D:4      | Noticed Blork the orc
  2970 | D:4      | Killed Blork the orc
  2970 | D:4      | Reached skill level 1 in Armour
  3104 | D:3      | Noticed Natasha
  3107 | D:3      | Killed Natasha
  3248 | D:5      | Reached XP level 8. HP: 48/48 MP: 9/9
  3518 | D:5      | Found a staircase to the Ecumenical Temple.
  3662 | D:5      | Reached skill level 5 in Fighting
  3744 | Temple   | Entered the Ecumenical Temple
  4830 | D:5      | Reached skill level 9 in Crossbows
  5080 | D:6      | Found a stormy altar of Qazlal.
  5277 | D:7      | Found Nidar's Gadget Boutique.
  5295 | D:7      | Bought a wand of flame (13) for 97 gold pieces
  5490 | D:6      | Found Kollej's Weapon Emporium.
  5493 | D:6      | Bought 21 bolts for 46 gold pieces
  5498 | D:6      | Reached XP level 9. HP: 53/54 MP: 11/11
  5702 | D:6      | Found the +9 staff of Olgreb {rPois}
  5763 | D:6      | Found a runed gate.
  5764 | D:6      | Found a runed door.
  5783 | D:6      | Found a runed gate.
  5783 | D:6      | Found a runed gate.
  5791 | D:6      | Found a runed door.
  6104 | D:7      | Found a shadowy altar of Dithmenos.
  6261 | D:7      | Reached skill level 10 in Crossbows
  6619 | D:7      | Found a sparkling altar of Nemelex Xobeh.
  6835 | D:7      | Reached skill level 5 in Evocations
  7135 | D:8      | Learned a level 1 spell: Corona
  7179 | D:8      | Reached skill level 1 in Short Blades
  7674 | D:8      | Found a hide-covered altar of Uskayaw.
  7674 | D:8      | Found a shimmering altar of Xom.
  7715 | D:9      | Reached skill level 1 in Hexes
  7743 | D:8      | Noticed a two-headed ogre
  7757 | D:8      | Killed a two-headed ogre
  7757 | D:8      | Reached XP level 10. HP: 63/63 MP: 13/13
  8053 | D:8      | Found a snail-covered altar of Cheibriados.
  8393 | D:9      | Found Zoniy's Book Boutique.
  8400 | D:9      | Learned a level 3 spell: Confuse
  8457 | D:9      | Found a staircase to the Lair.
  8482 | Lair:1   | Entered Level 1 of the Lair of Beasts
  8757 | D:10     | Entered Level 10 of the Dungeon
  9101 | D:10     | Got a dazzling ring mail
  9287 | D:9      | Identified the +4 ring mail "Geackuk" {rElec rCorr Str+3 Int+4} (You found it on level 10 of the Dungeon)
  9328 | D:9      | Found an iron altar of Okawaru.
  9336 | D:9      | Became a worshipper of Warmaster Okawaru
  9591 | D:9      | Reached skill level 5 in Short Blades
 10050 | Lair:1   | Reached XP level 11. HP: 68/68 MP: 16/16
 10209 | Lair:1   | Reached * piety under Okawaru
 10785 | Lair:1   | Reached ** piety under Okawaru
 11388 | Lair:1   | Reached skill level 5 in Hexes
 11758 | Lair:2   | Found a bloodstained altar of Trog.
 11842 | Lair:2   | Reached skill level 1 in Invocations
 11948 | Lair:2   | Noticed Fannar
 12036 | Lair:2   | HP: 3/69 [Fannar/bolt of cold (31)]
 12039 | Lair:2   | Killed from afar by Fannar

Skill      XL: |  1  2  3  4  5  6  7  8  9 10 11 |
---------------+----------------------------------+-----
Crossbows      | 5 6 7 8 9 10 | 10.0
Dodging        | 3 4 5 6 7 8 9 |  9.6
Fighting       | 3 4 5 7 8 |  8.8
Evocations     | 2 3 5 |  5.2
Armour         | 1 2 3 4 |  4.7
Short Blades   | 2 5 6 |  6.8
Hexes          | 2 3 5 |  5.0
Spellcasting   | 2 3 4 |  4.8
Invocations    | 1 |  1.3
Stealth        | |  1.3

Action                   |  1- 3 |  4- 6 |  7- 9 | 10-12 || total
-------------------------+-------+-------+-------+-------++-------
Melee: Short sword       |    28 |    13 |   185 |   697 ||   923
 Fire: Hand crossbow     |    58 |   148 |   243 |   190 ||   639
Throw: Throwing net      |       |       |       |     1 ||     1
Evoke: Wand              |       |     2 |     4 |     6 ||    12
  Use: Scroll            |       |     1 |     9 |     5 ||    15
       Potion            |       |       |     3 |     1 ||     4
 Stab: Paralysed         |       |       |     9 |       ||     9
       Held in net/web   |       |       |       |     2 ||     2
  Eat: Ration            |       |     2 |     7 |     1 ||    10
       Chunk             |       |       |    12 |    18 ||    30
Armor: Leather armour    |    23 |     7 |       |       ||    30
       Scale mail        |       |    40 |    25 |       ||    65
       Chain mail        |       |       |   115 |   140 ||   255
       Ring mail         |       |       |       |    92 ||    92
       Skin              |       |       |       |     3 ||     3
Dodge: Dodged            |    63 |    89 |   157 |   427 ||   736
